Arrhythmia, chaotic female vampiric Convict ---------------------------------------------------------------------------- |....|...|...|...|...|...|...|...|...|...|...|...|...|...|................#| ...| ..| ..| ..| ..| ..| ..| ..| ..| ..| ..| ..| ..| ..|...........).)...| ----.---.---.---.---.---.---.---.---.---.---.---.---.---.|.............^...| |.......................................................%..................| |.......................................................%@a................| |....|.---.---.---.---.---.---.---.---.---^---.---.---.--------------..----| |....|.. |...|...|...|...|...|...|...|.. |...|.. |.. |.. |.................| |....|...|...|...|...|...|...|...|...|...|...|...|...|...|......>..........| |....|---------------------------------------------------|.................| |....| |.................| |....| |.................| |....- ------------------- |.... |.... |...0 |.---- |. |. -- Arrhythmia the Prisoner Experience level: 12 Strength: 18/02 Dexterity: 13 Constitution: 20 Intelligence: 10 Wisdom: 8 Charisma: 8 Health: 0(138) Energy: 68(68) AC: -4 Gold: 2252 Moves: 10801 Your Inventory: Coins $ - 2252 gold pieces Armor b - an [uncursed] burnt +0 leather hat [elven leather helm] (being worn) j - an [uncursed] +0 elven mithril-coat (being worn) q - an uncursed +2 hooded cloak of dexterity [dwarvish] (being worn) X - an [uncursed] +0 pair of jackboots [high] (being worn) Z - a [blessed] +2 blue and green shield [elven] (being worn) Scrolls R - an [uncursed] scroll of teleportation Rings i - an [uncursed] ring of see invisible H - an [uncursed] ring of see invisible Tools a - an [uncursed +0] unicorn horn d - an uncursed blindfold f - an uncursed looking glass [mirror] h - a [cursed oil] lamp x - an [uncursed] skeleton key Y - an [uncursed] towel Iron balls c - an uncursed heavy iron ball (weapon in hand) Spells known in the end: Name Level Category Fail Memory Your skills at the end: Fighting Skills body armor [Basic / Skilled] Weapon Skills flail [Skilled / Expert] sling [Basic / Skilled] Spellcasting Skills Final Attributes: You were piously aligned. Hunger level was -258. Your alignment was 63 / 64. Monster difficulty range was 1 - 11. Level difficulty was 11. You were immune to poison. You were immune to level-drain. You were immune to sickness. You could fly. You could survive without air. You regenerated. You were unlucky (-1). Tymora was angry with you (1). You are dead. Vanquished creatures: 2 inmates a black pudding a giant mimic a large mimic a long worm 5 small mimics a xan a quantum mechanic 3 trolls a wood golem a gelatinous cube a freezing sphere 3 tigers a gargoyle a dwarf king 4 tengu a mountain centaur a python 7 ettin zombies a leather golem an incubus 7 giant beetles 4 quivering blobs a cockatrice 4 wolves a winter wolf cub a panther a gremlin 2 leprechauns a mumak a giant spider a scorpion a black light 2 orc mummies a dwarf mummy 2 brown puddings 2 rust monsters an owlbear a gold golem a Green-elf 5 lizards a dingo 2 housecats a dwarf lord 3 white unicorns 3 ravens a gnome mummy a snake 4 human zombies 4 soldier ants a snow ant 8 wood nymphs 5 water nymphs 3 mountain nymphs 8 Uruk-hai a rock piercer 4 enormous rats a rock mole 2 ponies a fog cloud 2 yellow lights 2 violet fungi 5 gnome lords 2 gnomish wizards 2 kobold mummies a black naga hatchling a guardian naga hatchling 4 gray oozes 2 paper golems 11 giant ants 2 floating eyes a kitten 8 dwarves a homunculus a kobold shaman 3 rothes 2 rabid rats a giant bat 8 orc zombies 4 dwarf zombies 4 muggers 4 iguanas 13 killer bees an acid blob a gas spore 5 hobbits 2 manes a large kobold 8 giant rats 4 cave spiders 2 brown molds a red mold 36 gnomes 2 garter snakes 2 gnome zombies 7 geckos 7 jackals 2 foxes a kobold 2 goblins 2 sewer rats 8 grid bugs 2 bats 3 lichens 4 kobold zombies 5 newts 325 creatures vanquished. Voluntary challenges: You left the true Path of Zen. You went without food. You never hit with a wielded weapon. You read items or engraved 9 times. You put on armor 28 times. You never genocided any monsters. You never polymorphed an object. You never changed form. You used no wishes. You abstained from Elbereth's help. You never encountered a bones level. You never used any Sokoban shortcuts. Dungeon overview: The Dungeons of Doom: levels 1 to 11 Level 1 (Succubus) a long staircase Level 2 (Succubus ) a general store, an altar, some sinks Level 3 a sink stairs to The Gnomish Mines Level 4 a fountain Level 5 many fountains Level 6 a fountain stairs to Sokoban Level 8 some fountains stairs to Town Level 9 ( ) Level 11 a fountain portal to The Quest The Gnomish Mines: levels 4 to 7 Level 4 stairs to The Dungeons of Doom The Quest: Level 1 <- You were here a sink portal to The Dungeons of Doom Sokoban: Level 5 a magic chest stairs to The Dungeons of Doom Town: levels 5 to 7 Level 5 many shops, some fountains, a sink Level 6 many fountains, many trees Level 7 stairs to The Dungeons of Doom History has recorded: On T:1 you entered the Dungeons of Doom to retrieve the Amulet of Yendor! On T:28 you advanced to experience level 2. On T:102 you advanced to experience level 3. On T:286 you advanced to experience level 4. On T:303 you reached level 2 of The Dungeons of Doom. On T:718 you advanced to experience level 5. On T:1263 you advanced to experience level 6. On T:1415 you advanced to experience level 7. On T:1509 you reached level 3 of The Dungeons of Doom. On T:2008 you reached level 1 of The Gnomish Mines. On T:2422 you reached level 2 of The Gnomish Mines. On T:2442 you advanced to experience level 8. On T:2601 you reached level 3 of The Gnomish Mines. On T:2793 you reached level 4 of The Gnomish Mines. On T:2967 you reached level 4 of The Dungeons of Doom. On T:3329 you reached level 5 of The Dungeons of Doom. On T:3706 you reached level 6 of The Dungeons of Doom. On T:3809 you reached level 3 of Sokoban. On T:3893 you reached level 7 of The Dungeons of Doom. On T:3996 you advanced to experience level 9. On T:5024 you advanced to experience level 10. On T:5095 you reached level 8 of The Dungeons of Doom. On T:5326 you reached level 9 of The Dungeons of Doom. On T:5563 you reached level 3 of Town. On T:5752 you reached level 2 of Town. On T:6196 you reached level 1 of Town. On T:9096 you reached level 10 of The Dungeons of Doom. On T:9372 you advanced to experience level 11. On T:9390 you advanced to experience level 12. On T:9763 you reached level 11 of The Dungeons of Doom. On T:9837 you reached level 1 of The Quest. Latest messages: The giant beetle misses. [HP+3=22] [HP+1=23] The giant beetle bites! [HP-8=15] [HP+3=18] The giant beetle misses. [HP+1=19] [HP+1=20] The giant beetle bites! [HP-1=19] [HP+1=20] The giant beetle misses. [HP+1=21] [HP+3=24] The giant beetle bites! [HP-12=12] [HP+1=13] The giant beetle bites! [HP-8=5] [HP+1=6] The giant beetle bites! You die... Final status: Goodbye Arrhythmia the Convict... You died in The Quest on dungeon level 1 with 26717 points, and 2252 pieces of gold, after 10801 moves. You were level 12 with a maximum of 138 hit points when you died.